 Dungeon Crawl Stone Soup version 0.23.2-11-gf996548c65 (webtiles) character file.

Game seed: 3490863040512037115

13148 teukkam the Cruncher (level 11, -2/85 HPs)
             Began as a Minotaur Fighter on June 3, 2019.
             Was a High Priest of Dithmenos.
             Slain by an apocalypse crab (9 damage)
             ... on level 1 of the Abyss.
             The game lasted 00:43:34 (12537 turns).

teukkam the Cruncher (Minotaur Fighter)            Turns: 12537, Time: 00:43:35

Health: -2/85      AC: 13    Str: 23    XL:     11   Next: 71%
Magic:  4/10       EV:  8    Int:  5    God:    Dithmenos [*****.]
Gold:   645        SH:  0    Dex: 11    Spells: 10/10 levels left

rFire    + + .     SeeInvis .   a - +7 quarterstaff "Killer Klown's Regret" {drain, rN+}
rCold    + . .     Gourm    .   (shield currently unavailable)
rNeg     + + .     Faith    .   l - +1 chain mail (curse)
rPois    .         Spirit   .   H - +2 hat
rElec    .         Reflect  .   T - scarf {rC+ rF+}
rCorr    .         Harm     .   (no gloves)
MR       .....                  B - +0 pair of boots
Stlth    +.........             F - amulet of rage
HPRegen  0.24/turn              U - ring of positive energy
MPRegen  0.12/turn              p - ring of protection from fire

@: wreathed by umbra, lightly drained
A: retaliatory headbutt, horns 2
a: Shadow Step, Shadow Form, Renounce Religion, Evoke Berserk Rage


You were on level 1 of the Abyss.
You worshipped Dithmenos.
Dithmenos was extremely pleased with you.
You were not hungry.

You visited 2 branches of the dungeon, and saw 16 of its levels.
You visited the Abyss 1 time.
You also visited: Sewer.

You collected 645 gold pieces.

Inventory:

Hand Weapons
 a - the +7 quarterstaff "Killer Klown's Regret" (weapon) {drain, rN+}
   (You took it off a crimson imp on level 5 of the Dungeon)

   A truly terrible weapon, it drains the life of those it strikes.
   It protects you from negative energy.
 b - a +2 shortbow of flaming
 j - a +0 short sword of freezing
 k - a +2 dire flail of protection
 o - a +0 war axe
 t - a +2 long sword of slicing
 w - a -3 hunting sling
 x - a +0 blowgun
 I - a +3 hunting sling of flaming
Missiles
 e - 388 stones (quivered)
 u - 2 needles of frenzy
 v - 144 bolts
 y - 12 poisoned needles
 J - 115 arrows
 M - 7 silver tomahawks
 N - 8 tomahawks
 Y - 7 sling bullets
 Z - a throwing net
Armour
 c - a +0 shield
 l - a cursed +1 chain mail (worn)
 B - a +0 pair of boots (worn)
 H - a +2 hat (worn)
 T - a scarf of resistance (worn)
Magical Staves
 R - an uncursed staff of wizardry {unknown}
Jewellery
 p - a ring of protection from fire (right hand)
 F - an amulet of rage (around neck)
 K - an uncursed ring of fire
 U - a ring of positive energy (left hand)
Wands
 m - a wand of random effects (8)
 Q - a wand of polymorph (17)
 W - a wand of iceblast (12)
Scrolls
 g - 3 scrolls of amnesia
 s - 3 scrolls of teleportation
 C - a scroll of magic mapping
 D - 6 scrolls of remove curse
 E - 5 scrolls of identify
 L - a scroll of enchant armour
 O - a scroll of blinking
 X - a scroll of enchant weapon
Potions
 d - 3 potions of agility
 i - 6 potions of flight
 n - 3 potions of lignification
 q - 10 potions of curing
 r - a potion of resistance {unknown}
 z - 2 potions of invisibility {unknown}
 A - 2 potions of haste {unknown}
 P - a potion of ambrosia
 V - a potion of brilliance
Comestibles
 f - 18 rations


   Skills:
 - Level 4.4(4.3) Fighting
 - Level 4.0(3.9) Short Blades
 - Level 5.8(5.7) Axes
 + Level 10.4(10.3) Staves
 - Level 9.7(9.6) Slings
 + Level 8.7(8.6) Bows
 - Level 4.4(4.3) Armour
 + Level 8.8(8.7) Stealth
 - Level 4.3(4.2) Shields


You had 10 spell levels left.
You didn't know any spells.
Your spell library contained the following spells:

 Spells                   Type           Power        Failure   Level  Hunger
 Confusing Touch          Hex            #.....       99%         1    ##.....
 Confuse                  Hex            #.......     100%        3    ####...
 Gell's Gravitas          Tloc           #.........   100%        3    ####...
 Petrify                  Tmut/Erth      #.......     100%        4    #####..
 Metabolic Englaciation   Hex/Ice        #.........   100%        5    ######.
 Yara's Violent Unravell  Hex/Tmut       #.........   100%        5    ######.


Dungeon Overview and Level Annotations

Branches:
Dungeon (12/15)            Temple (0/1) D:5            Lair (4/6) D:11
  Swamp: Lair:2-4    Shoals: Lair:2-4     Snake: Lair:2-4    Spider: Lair:2-4
    Orc: D:9-12

Altars:
Dithmenos
Elyvilon
Qazlal
Sif Muna
Uskayaw
Vehumet
Xom

Shops:
D:4 }   D:7 *

Annotations:
Lair:2 Sonja


Innate Abilities, Weirdness & Mutations

You reflexively headbutt those who attack you in melee.
You have a pair of horns on your head.


Message History

The apocalypse crab bites you. The apocalypse crab shocks you!
* * * LOW HITPOINT WARNING * * *
The apocalypse crab claws you!
* * * LOW HITPOINT WARNING * * *
You feel your power leaking away.
It was a potion of curing.
You feel better.
The apocalypse crab bites you but does no damage.
The apocalypse crab claws you!
* * * LOW HITPOINT WARNING * * *
You are engulfed in flames.
You resist.
* * * LOW HITPOINT WARNING * * *
Evoke which item? (* to show all) (? for menu, Esc to quit)
Aiming: Random Effects
Press: ? - help, Shift-Dir - straight line, f/p - apocalypse crab
Aim: an apocalypse crab (moderately wounded, umbra)
The apocalypse crab resists with almost no effort.
The apocalypse crab bites you.
* * * LOW HITPOINT WARNING * * *
The apocalypse crab shocks you!
You die...

...#...... ....
................
................
...##..........
..............#.
................
................
................
.......@t.......
....((..........
..(.....(......
.(..............
................
................
............#.#
...#.#...#.####


You could see an apocalypse crab.

Vanquished Creatures
  Josephine (D:10)
  A centaur warrior (D:10)
  An ugly thing (D:11)
  A spiny frog (Lair:2)
  A komodo dragon (Lair:1)
  4 hippogriffs (Lair:1)
  A spriggan (D:8)
  4 wraiths (D:10)
  20 yaks
  Grum (D:8)
  A basilisk (Lair:1)
  2 wargs (D:11)
  Edmund (D:5)
  A water moccasin (Lair:2)
  4 porcupines
  A black bear (D:5)
  7 ice beasts
  5 orc warriors
  A sky beast (D:5)
  3 ogres
  4 centaurs
  A phantom (D:10)
  4 wolves
  4 crocodiles
  A big kobold (Sewer)
  Blork the orc (D:6)
  6 bullfrogs
  3 scorpions
  6 howler monkeys
  3 crimson imps
  6 orc priests
  4 jellies
  4 hounds
  7 orc wizards
  3 centaur skeletons
  3 hell rats (Lair:1)
  6 worker ants
  4 iguanas
  A hound zombie (D:7)
  A hound skeleton (D:7)
  2 worker ant zombies
  Robin (D:4)
  12 adders
  4 gnolls (D:2)
  6 river rats (Lair:1)
  2 shadow imps
  An adder zombie (D:9)
  2 oozes
  6 worms
  2 dart slugs (D:1)
  6 leopard geckos
  36 orcs
  A ball python (D:3)
  7 giant cockroaches
  17 goblins
  7 hobgoblins
  13 jackals
  3 quokkas
  9 bats
  3 frilled lizards
  A giant cockroach zombie (D:6)
  A jackal zombie (D:7)
  17 kobolds
  A leopard gecko zombie (D:5)
  19 rats
  A bush (D:5)
313 creatures vanquished.

Vanquished Creatures (collateral kills)
  5 wolves (Lair:3)
5 creatures vanquished.

Vanquished Creatures (others)
  7 wolves (Lair:3)
  A water moccasin (Lair:3)
  A fungus (Lair:3)
  2 plants
11 creatures vanquished.

Grand Total: 329 creatures vanquished

Notes
Turn   | Place    | Note
-------+----------+-------------------------------------------
     0 | D:1      | teukkam the Minotaur Fighter began the quest for the Orb.
     0 | D:1      | Reached XP level 1. HP: 19/19 MP: 0/0
    56 | D:1      | Reached XP level 2. HP: 22/27 MP: 1/1
   269 | D:3      | Found a hide-covered altar of Uskayaw.
   279 | D:2      | Reached XP level 3. HP: 30/33 MP: 2/2
   295 | D:2      | Found a faded altar of an unknown god.
   298 | D:2      | Reached XP level 4. HP: 12/41 MP: 3/3
   397 | D:2      | Became a worshipper of Dithmenos the Shadowed
   397 | D:2      | Reached * piety under Dithmenos
  1214 | D:2      | Reached skill level 1 in Short Blades
  1280 | D:2      | Found a deep blue altar of Sif Muna.
  1465 | D:2      | Reached skill level 1 in Stealth
  1688 | D:3      | Reached XP level 5. HP: 47/47 MP: 4/4
  1842 | D:3      | Reached ** piety under Dithmenos
  1934 | D:4      | Noticed Robin
  1941 | D:4      | Noticed an ogre
  2194 | D:3      | Reached skill level 1 in Slings
  2216 | D:3      | Found a shimmering altar of Xom.
  2288 | D:3      | Reached XP level 6. HP: 25/53 MP: 5/5
  2885 | D:4      | Found Edarooff's Gadget Shoppe.
  3164 | D:4      | Reached skill level 5 in Axes
  3254 | D:4      | Killed Robin
  3254 | D:4      | Reached XP level 7. HP: 60/60 MP: 6/6
  3989 | D:5      | Entered Level 5 of the Dungeon
  4072 | D:5      | Found a staircase to the Ecumenical Temple.
  4255 | D:5      | Identified the +7 quarterstaff "Killer Klown's Regret"
                  | {drain, rN+}
  4270 | D:5      | Reached *** piety under Dithmenos
  4309 | D:5      | Reached skill level 1 in Staves
  4344 | D:5      | Reached XP level 8. HP: 49/67 MP: 7/7
  4537 | D:5      | Noticed Edmund
  4544 | D:5      | Killed Edmund
  4544 | D:5      | Reached skill level 2 in Staves
  4575 | D:5      | Found a radiant altar of Vehumet.
  4590 | D:5      | Found a white marble altar of Elyvilon.
  4947 | D:6      | Noticed Blork the orc
  5026 | D:6      | Reached skill level 3 in Staves
  5036 | D:6      | Found a glowing drain.
  5049 | Sewer    | Entered a sewer
  5119 | Sewer    | Reached skill level 5 in Slings
  5184 | Sewer    | Found a glowing silver altar of Zin.
  5319 | D:6      | Killed Blork the orc
  5320 | D:6      | Reached skill level 4 in Staves
  5503 | D:6      | Reached skill level 1 in Bows
  5591 | D:6      | Reached skill level 5 in Stealth
  5925 | D:6      | Reached skill level 5 in Staves
  5925 | D:6      | Reached XP level 9. HP: 72/72 MP: 8/8
  6082 | D:6      | Reached **** piety under Dithmenos
  6717 | D:7      | Reached skill level 6 in Staves
  6850 | D:7      | Found Lociw's General Store.
  7705 | D:8      | Noticed Grum
  7875 | D:8      | Killed Grum
  8321 | D:9      | Found a stormy altar of Qazlal.
  8361 | D:9      | Reached skill level 7 in Staves
  8380 | D:10     | Entered Level 10 of the Dungeon
  8391 | D:10     | Reached skill level 5 in Bows
  8391 | D:10     | Reached XP level 10. HP: 70/80 MP: 9/9
  8653 | D:10     | Noticed a centaur warrior
  8662 | D:10     | Killed a centaur warrior
  8662 | D:10     | Reached skill level 8 in Staves
  8822 | D:10     | Reached ***** piety under Dithmenos
  8875 | D:10     | Noticed Josephine
  8887 | D:10     | Killed Josephine
  9412 | D:11     | Noticed a red ugly thing
  9423 | D:11     | Killed a red ugly thing
  9517 | D:11     | Reached XP level 11. HP: 78/85 MP: 10/10
  9529 | D:11     | Reached skill level 9 in Staves
  9736 | D:11     | Found a staircase to the Lair.
  9949 | Lair:1   | Entered Level 1 of the Lair of Beasts
 11653 | Lair:2   | Reached skill level 10 in Staves
 12495 | Lair:2   | Noticed Sonja
 12497 | Lair:2   | Cast into level 1 of the Abyss (Sonja)
 12537 | Abyss:1  | Slain by an apocalypse crab

Skill      XL: |  1  2  3  4  5  6  7  8  9 10 11 |
---------------+----------------------------------+-----
Fighting       | 4 |  4.4
Armour         | 4 |  4.4
Shields        | 4 |  4.3
Axes           | 3 4 5 |  5.8
Short Blades   | 1 2 3 4 |  4.0
Stealth        | 1 2 3 5 6 7 8 |  8.8
Slings         | 1 2 4 6 7 9 |  9.7
Staves         | 1 5 7 8 10 | 10.4
Bows           | 2 5 7 8 |  8.7

Action                   |  1- 3 |  4- 6 |  7- 9 | 10-12 || total
-------------------------+-------+-------+-------+-------++-------
Melee: War axe           |    56 |   112 |    77 |       ||   245
       Headbutt          |     4 |    36 |    53 |    66 ||   159
       Short sword       |       |    59 |       |       ||    59
       Quarterstaff      |       |       |   203 |   306 ||   509
 Fire: Hunting sling     |       |       |     4 |       ||     4
       Shortbow          |       |       |    45 |    39 ||    84
Throw: Stone             |       |     2 |       |       ||     2
Invok: Shadow Step       |       |       |       |     1 ||     1
Evoke: Wand              |       |       |     8 |    16 ||    24
  Use: Potion            |     1 |     4 |     4 |    10 ||    19
       Scroll            |       |     1 |     7 |     6 ||    14
  Eat: Chunk             |       |     4 |     7 |     2 ||    13
       Ration            |       |     1 |     3 |     4 ||     8
Armor: Scale mail        |    47 |    69 |    40 |       ||   156
       Skin              |       |       |     7 |       ||     7
       Chain mail        |       |       |    69 |   159 ||   228
Dodge: Dodged            |    29 |    62 |   101 |   134 ||   326
Block: Shield            |    59 |    90 |    24 |       ||   173
